 Dungeon Crawl Stone Soup version 0.31-a0-1407-ga5f2854 (webtiles) character file.

Game seed: 2293633441445490166

12124 sol123 the Thaumaturge (level 12, -7/70 HPs)
             Began as a Djinni Conjurer on Dec 25, 2023.
             Was a Priest of Makhleb.
             Mangled by a blink frog (12 damage)
             ... on level 2 of the Lair of Beasts.
             The game lasted 00:33:17 (9191 turns).

sol123 the Thaumaturge (Djinni Conjurer)            Turns: 9191, Time: 00:33:19

Health: -7/70      AC:  5    Str:  6    XL:     12   Next: 16%
Gold:   924        EV: 12    Int: 25    God:    Makhleb [***...] SH:  0 Dex: 12

rFire   + + .        (no weapon)
rCold   x . .        (no shield)
rNeg    . . .        a - +0 robe
rPois   ∞            q - +0 helmet
rElec   .            p - +0 cloak
rCorr   .            l - +0 pair of gloves
SInv    .            (boots unavailable)
Will    +....        (no amulet)
Stlth   ++           (no ring)
HPRegen 0.31/turn    (no ring)
MPRegen 0.00/turn

%: infuse magic (-8 HP)
@: flying
A: sickness immunity, fire resistance 2, cold vulnerability 1, float, innate
caster, HP casting, extra vitality 1
a: Renounce Religion, Minor Destruction, Lesser Servant of Makhleb


You were on level 2 of the Lair of Beasts.
You worshipped Makhleb.
Makhleb was most pleased with you.
You visited 2 branches of the dungeon, and saw 10 of its levels.
You also visited: Sewer and Bailey.

You collected 1028 gold pieces.
You spent 104 gold pieces at shops.

Inventory:

Missiles
 D - a throwing net
Armour
 a - a +0 robe (worn)
 l - a +0 pair of gloves (worn)
 p - a +0 cloak (worn)
 q - a +0 helmet (worn)
Jewellery
 r - a ring of fire
 B - an amulet of reflection
Wands
 e - a wand of flame (32)
 t - a wand of roots (5)
 v - a wand of light (17)
Scrolls
 b - 6 scrolls of teleportation
 d - 6 scrolls of identify
 f - 2 scrolls of enchant weapon {unknown}
 g - a scroll of silence {unknown}
 n - 2 scrolls of blinking {unknown}
 u - a scroll of vulnerability {unknown}
 w - a scroll of poison {unknown}
 y - a scroll of immolation {unknown}
 C - 3 scrolls of torment {unknown}
 E - a scroll of amnesia {unknown}
Potions
 c - 2 potions of ambrosia {unknown}
 h - a potion of brilliance {unknown}
 i - 8 potions of heal wounds {unknown}
 j - 4 potions of curing
 k - a potion of degeneration {unknown}
 m - a potion of lignification {unknown}
 o - 2 potions of magic {unknown}
 s - a potion of experience {unknown}
 x - 4 potions of mutation {unknown}
 z - 2 potions of haste
 A - 2 potions of might {unknown}
 F - a potion of resistance {unknown}
 G - a potion of enlightenment {unknown}


   Skills:
 - Level 2.1 Dodging
 - Level 1.5 Stealth
 + Level 14.8 Spellcasting
 + Level 14.8 Conjurations
 + Level 14.8 Hexes
 + Level 14.8 Summonings
 + Level 14.8 Necromancy
 + Level 14.8 Translocations
 + Level 14.8 Fire Magic
 + Level 14.8 Ice Magic
 + Level 14.8 Air Magic
 + Level 14.8 Earth Magic
 + Level 14.8 Alchemy


You knew the following spells:

 Your Spells              Type           Power      Damage    Failure   Level
a - Magic Dart            Conj           100%       1d8       0%          1
b - Searing Ray           Conj           100%       2d8       0%          2
c - Fulminant Prism       Conj/Alch      37%        3d18      1%          4
d - Iskenderun's Mystic   Conj/Tloc      75%        2d15      1%          4
e - Slow                  Hex            100%       N/A       0%          1
f - Scorch                Fire           100%       2d9       0%          2
g - Sigil of Binding      Hex            75%        N/A       1%          3
h - Mephitic Cloud        Conj/Alch/Air  75%        N/A       1%          3
i - Fireball              Conj/Fire      37%        3d15      1%          5
Your spell library was empty.

Dungeon Overview and Level Annotations

Branches:
Dungeon (8/15)             Temple (0/1) D:6            Lair (1/5) D:8
  Sewer (visited)          Bailey (visited)

Altars:
Elyvilon
Makhleb
Okawaru
Zin

Shops:
D:3 !*?   D:7 :


Innate Abilities, Weirdness & Mutations

You are immune to sickness and miasma.
You are immune to poison.
Your flesh is very heat resistant. (rF++)
You are vulnerable to cold. (rC-)
You float through the air rather than walking.
You learn spells naturally, not from books.
Your magical power is your life essence.
You have superior vitality. (+4 MHP)


Message History

A nearby plant withers and dies.
Casting: Iskenderun's Mystic Blast (safe; 1% risk of failure)
Confirm with . or Enter, or press ? or * to list all spells.
You erupt in a blast of force!
The mystic blast hits the elephant!
The elephant is lightly wounded.
The elephant is knocked back by the mystic blast.
* * * LOW HITPOINT WARNING * * *
Casting: Iskenderun's Mystic Blast (safe; 1% risk of failure)
Confirm with . or Enter, or press ? or * to list all spells.
Aiming: Slow (safe; 0% risk of failure)
Press: ? - help, Shift-Dir - straight line, f - elephant
Aim: an elephant (lightly wounded, chance to affect: 23%)
The elephant seems to slow down.
* * * LOW HITPOINT WARNING * * *
Casting: Slow (safe; 0% risk of failure)
Confirm with . or Enter, or press ? or * to list all spells.
Aiming: Fulminant Prism (safe; 1% risk of failure)
Press: ? - help, Dir - move target, p - elephant You conjure a prism of explosive energy!
* * * LOW HITPOINT WARNING * * *
A fulminant prism comes into view.
A blink frog comes into view.
The elephant tramples your fulminant prism!
The elephant trunk-slaps your fulminant prism.
Your fulminant prism crackles loudly.
Found a blade talisman.
Your fulminant prism explodes!
The blast of energy engulfs the elephant!!!
The elephant is severely wounded.
You hear a howl!
You hear a croak.
The blink frog blinks!
The blink frog barely misses you.
Casting: Fulminant Prism (safe; 1% risk of failure)
Confirm with . or Enter, or press ? or * to list all spells.
Aiming: Fulminant Prism (safe; 1% risk of failure)
Press: ? - help, Dir - move target You conjure a prism of explosive energy!
* * * LOW HITPOINT WARNING * * *
A fulminant prism comes into view.
The blink frog hits you!
You die...

# ########
P#.######.#.#..#########
............Y..F@.......
....#.##+.##..*.........
.. #.#..####.....PP.###
.#... ##....#..P# .#....
.....##.... ..##...
%.....# .... .. #....
......... ... #..
............... .. #.
...... ..♣♣


You could see an elephant (slow), a blink frog (ally target) and a friendly
fulminant prism.

Vanquished Creatures
  Pikel (D:4)
  An orc sorcerer (Bailey)
  2 elephants (Lair:2)
  3 black mambas (Lair:1)
  A torpor snail (Lair:1)
  Jeremiah (D:8)
  3 cane toads (Lair:1)
  A rime drake (Lair:1)
  6 komodo dragons
  A kobold demonologist (Bailey)
  4 blink frogs (Lair:1)
  A wyvern (Lair:1)
  8 yaks
  2 basilisks (Lair:1)
  Menkaure (D:7)
  4 orc warriors (Bailey)
  A black bear (D:8)
  2 ice beasts
  A sky beast (D:7)
  2 ogres
  2 wolves (Lair:2)
  A centaur (D:8)
  A crocodile (Sewer)
  A lemure (D:4)
  2 phantoms (D:4)
  A brain worm (Sewer)
  8 bullfrogs
  4 scorpions
  8 wights
  4 electric eels (Bailey)
  2 bombardier beetles (D:5)
  3 hounds
  3 jellies (D:4)
  2 orc priests
  3 sleepcaps
  Jessica (D:2)
  3 iguanas
  8 orc wizards
  Robin (D:2)
  8 gnolls
  6 adders
  A shadow imp (D:7)
  A white imp (D:5)
  2 ufetubi (D:6)
  3 worms
  A dart slug (D:1)
  27 orcs
  5 ball pythons
  3 endoplasms
  2 giant cockroaches
  13 hobgoblins
  2 quokkas (D:3)
  8 bats
  4 frilled lizards
  18 goblins
  6 kobolds
  6 rats
220 creatures vanquished.

Vanquished Creatures (others)
  66 fulminant prisms
66 creatures vanquished.

Grand Total: 286 creatures vanquished

Notes
Turn   | Place    | Note
-------+----------+-------------------------------------------
     0 | D:1      | sol123 the Djinni Conjurer began the quest for the Orb.
     0 | D:1      | sol123 set off with the following spells memorised: Magic
                  | Dart, Searing Ray, Fulminant Prism, Iskenderun's Mystic
                  | Blast.
     0 | D:1      | Reached XP level 1. HP: 15/15 MP: 0/0
   125 | D:1      | Reached XP level 2. HP: 17/21 MP: 0/0
   789 | D:2      | Reached XP level 3. HP: 16/25 MP: 0/0
   789 | D:2      | Learned a level 1 spell: Slow
   823 | D:2      | Noticed Jessica
   826 | D:2      | Killed Jessica
   856 | D:2      | Reached XP level 4. HP: 18/31 MP: 0/0
   925 | D:2      | Noticed Robin
   964 | D:2      | Killed Robin
   965 | D:2      | Reached skill level 5 in Spellcasting
   965 | D:2      | Reached skill level 5 in Conjurations
   965 | D:2      | Reached skill level 5 in Hexes
   965 | D:2      | Reached skill level 5 in Summonings
   965 | D:2      | Reached skill level 5 in Necromancy
   965 | D:2      | Reached skill level 5 in Translocations
   965 | D:2      | Reached skill level 5 in Fire Magic
   965 | D:2      | Reached skill level 5 in Ice Magic
   965 | D:2      | Reached skill level 5 in Air Magic
   965 | D:2      | Reached skill level 5 in Earth Magic
   965 | D:2      | Reached skill level 5 in Alchemy
   965 | D:2      | Reached XP level 5. HP: 6/35 MP: 0/0
   965 | D:2      | Learned a level 2 spell: Scorch
  1680 | D:3      | Found Foitoin's Magic Scroll Shop.
  1703 | D:3      | Bought a scroll of teleportation for 39 gold pieces
  1703 | D:3      | Bought a scroll of identify for 26 gold pieces
  1822 | D:3      | Found Ahiery's General Store.
  1844 | D:3      | Noticed an ogre
  1924 | D:3      | Found an iron altar of Okawaru.
  1942 | D:3      | Killed an ogre
  1943 | D:3      | Reached XP level 6. HP: 35/40 MP: 0/0
  2074 | D:3      | Found Foumm's Distillery.
  2085 | D:3      | Bought a potion of curing for 39 gold pieces
  2181 | D:3      | Found a burning altar of Makhleb.
  2310 | D:3      | Became a worshipper of Makhleb the Destroyer
  2518 | D:4      | Noticed Pikel
  2536 | D:4      | Killed Pikel
  2537 | D:4      | Reached XP level 7. HP: 14/45 MP: 0/0
  2537 | D:4      | Learned a level 3 spell: Sigil of Binding
  2537 | D:4      | Reached XP level 8. HP: 15/50 MP: 0/0
  3952 | D:5      | Entered Level 5 of the Dungeon
  4531 | D:5      | Reached XP level 9. HP: 51/55 MP: 0/0
  4531 | D:5      | Learned a level 3 spell: Mephitic Cloud
  4531 | D:5      | You are sucked into a shaft and drop 2 floors!
  4874 | D:6      | Found a white marble altar of Elyvilon.
  4880 | D:6      | Found a glowing silver altar of Zin.
  4885 | D:6      | Reached * piety under Makhleb
  5021 | D:6      | Found a glowing drain.
  5050 | Sewer    | Entered a sewer
  5128 | Sewer    | Reached skill level 10 in Spellcasting
  5128 | Sewer    | Reached skill level 10 in Conjurations
  5128 | Sewer    | Reached skill level 10 in Hexes
  5128 | Sewer    | Reached skill level 10 in Summonings
  5128 | Sewer    | Reached skill level 10 in Necromancy
  5128 | Sewer    | Reached skill level 10 in Translocations
  5128 | Sewer    | Reached skill level 10 in Fire Magic
  5128 | Sewer    | Reached skill level 10 in Ice Magic
  5128 | Sewer    | Reached skill level 10 in Air Magic
  5128 | Sewer    | Reached skill level 10 in Earth Magic
  5128 | Sewer    | Reached skill level 10 in Alchemy
  5294 | D:6      | Found a staircase to the Ecumenical Temple.
  5823 | D:7      | Noticed Menkaure
  5834 | D:7      | Killed Menkaure
  6047 | D:7      | Identified the storm talisman of the Shoals {rF+ Stlth+}
  6093 | D:7      | Found Wananeg's Book Boutique.
  6485 | D:8      | Noticed Jeremiah
  6492 | D:8      | Reached XP level 10. HP: 53/60 MP: 0/0
  6494 | D:8      | Killed Jeremiah
  6502 | D:8      | Noticed a komodo dragon
  6512 | D:8      | Killed a komodo dragon
  6518 | D:8      | Reached ** piety under Makhleb
  6639 | D:8      | Found a flagged portal.
  6650 | Bailey   | Entered a bailey
  6727 | Bailey   | Noticed an orc sorcerer
  6733 | Bailey   | Killed an orc sorcerer
  6790 | Bailey   | Acquired 383 gold pieces
  6967 | Bailey   | Noticed a kobold demonologist
  6984 | Bailey   | Killed a kobold demonologist
  7168 | Bailey   | Identified the +5 scale mail of Verecujo {^Drain Will++
                  | Int+4 Stlth+}
  7206 | Bailey   | Found an iron altar of Okawaru.
  7223 | Bailey   | Identified the +4 glaive "Grim Tooth" {flame, ^Fragile
                  | Str+2 Stlth+}
  7693 | D:8      | Found a staircase to the Lair.
  7925 | Lair:1   | Entered Level 1 of the Lair of Beasts
  7929 | Lair:1   | Upgraded the game from 0.31-a0-1406-g2bdb5a6 to
                  | 0.31-a0-1407-ga5f2854
  7930 | Lair:1   | Noticed a rime drake
  7932 | Lair:1   | Noticed a cane toad
  7935 | Lair:1   | Killed a rime drake
  7936 | Lair:1   | Reached XP level 11. HP: 22/65 MP: 0/0
  7936 | Lair:1   | Learned a level 5 spell: Fireball
  8164 | Lair:1   | Reached *** piety under Makhleb
  8723 | Lair:1   | Found a glowing silver altar of Zin.
  9137 | Lair:1   | Reached XP level 12. HP: 70/70 MP: 0/0
  9168 | Lair:1   | You are sucked into a shaft and drop 1 floor!
  9191 | Lair:2   | Mangled by a blink frog

Illustrated notes

Levels and vault maps discovered:
D:1:      nzn_arrival_depleted_hourglass, layout_basic
D:2:      layout_rooms, chequers_serial_rivers_micro_b, uniq_robin, uniq_jessica
D:3:      layout_rooms, okawaru_gym_becter, mainiacjoe_overflow_alcove_1,
          serial_shops, nicolae_shop_tiny_glass, shop, shop
D:4:      layout_layer_cave, uniq_pikel
D:5:      layout_basic
D:6:      layout_rooms, mainiacjoe_overflow_large_starburst,
          minmay_temple_entry_statues_fountains, gup_sewer_entry_glass
D:7:      layout_basic, serial_shops, nicolae_book_shop_shelving, uniq_menkaure
D:8:      layout_rooms, grunt_lair_entry_orc_guard_hut, enter_bailey_6,
          uniq_jeremiah
Lair:1:   layout_regular_city, basic_altar, serial_bayou_pond_b,
          grunt_megastairs_4, infiniplex_staircase_pool_2, serial_bayou_shore_b,
          lemuel_fruit_tree
Lair:2:   layout_regular_city, spider_nest_entry_a,
          chequers_serial_rivers_micro_d, nicolae_lair_grove_arrangements

Skill      XL: |  1  2  3  4  5  6  7  8  9 10 11 |
---------------+----------------------------------+-----
Spellcasting   | 4 5 7 9 10 12 14 | 14.8
Conjurations   | 4 5 7 9 10 12 14 | 14.8
Hexes          | 4 5 7 9 10 12 14 | 14.8
Summonings     | 4 5 7 9 10 12 14 | 14.8
Necromancy     | 4 5 7 9 10 12 14 | 14.8
Translocations | 4 5 7 9 10 12 14 | 14.8
Fire Magic     | 4 5 7 9 10 12 14 | 14.8
Ice Magic      | 4 5 7 9 10 12 14 | 14.8
Air Magic      | 4 5 7 9 10 12 14 | 14.8
Earth Magic    | 4 5 7 9 10 12 14 | 14.8
Alchemy        | 4 5 7 9 10 12 14 | 14.8
Dodging        | |  2.1
Stealth        | |  1.5

Action                     |  1- 3 |  4- 6 |  7- 9 | 10-12 || total
---------------------------+-------+-------+-------+-------++-------
   Cast: Magic Dart        |    44 |    77 |    65 |    21 ||   207
         Searing Ray       |     2 |     8 |     7 |     3 ||    20
         Scorch            |       |     3 |    63 |    18 ||    84
         Fulminant Prism   |       |     4 |    10 |    53 ||    67
         Sigil of Binding  |       |       |     4 |       ||     4
         Mephitic Cloud    |       |       |     3 |       ||     3
         Slow              |       |       |     1 |     1 ||     2
         Fireball          |       |       |       |    27 ||    27
         Iskenderun's Myst |       |       |       |    13 ||    13
    Use: Scroll            |       |       |       |     1 ||     1
         Potion            |       |       |       |     1 ||     1
 Armour: Robe              |     3 |    10 |    11 |    19 ||    43
  Dodge: Dodged            |     5 |    11 |    27 |    12 ||    55

Table legend: (Time is in decaauts)
 A = Elapsed time spent in this place.
 B = Non-inter-level travel time spent in this place.
 C = Inter-level travel time spent in this place.
 D = Time resting spent in this place.
 E = Time spent auto-exploring this place.
 F = Levels seen in this place.
 G = Mean time per level.
                   A        B        C        D        E       F      G
               +--------+--------+--------+--------+--------+-----+--------+
         Total |   9197 |   8806 |    391 |   1225 |   6466 |  12 |  766.4 |
       Dungeon |   7522 |   7132 |    390 |   1033 |   5342 |   8 |  940.2 |
          Lair |    704 |    703 |      1 |     25 |    488 |   2 |  352.0 |
         Sewer |    236 |    236 |      0 |    115 |     92 |   1 |  236.0 |
        Bailey |    733 |    733 |      0 |     52 |    544 |   1 |  733.0 |
               +--------+--------+--------+--------+--------+-----+--------+

Top non-repeatable levels by time:
     D:4: 1597 daAuts
     D:8: 1274 daAuts
     D:5: 892 daAuts
     D:2: 883 daAuts
     D:1: 746 daAuts
  Bailey: 733 daAuts
     D:3: 723 daAuts
     D:7: 707 daAuts
     D:6: 697 daAuts
  Lair:1: 682 daAuts
   Sewer: 236 daAuts
  Lair:2: 22 daAuts
